Map: Lightshade LE

Players

Asuna - Winner!

  • Race: Protoss Protoss
  • League: Master
  • Spawn Location: 11:00

PattyMac

  • Race: Protoss Protoss
  • League: Grandmaster
  • Spawn Location: 5:00

Event: DreamHack SC2 Masters 2020 Winter

VOD

Have the link to the VOD?

Description

Time

  • Played on: Oct. 31, 2020, 4:59 p.m.
  • Length: 6:17

All games in this series

Show
View Real Time Build Order
Export as new Build Order

Asuna Protoss - Winner!

Build Orders:  

Get SALT Encoding   

  12  0:00  Probe  
  13  0:12  Probe  
  14  0:17  Pylon  
  14  0:24  Probe  
  15  0:36  Probe (Chrono Boost)  
  15  0:38  Gateway  
  16  0:46  Assimilator, Probe (Chrono Boost)  
  17  0:51  Probe (Chrono Boost)  
  18  0:57  Assimilator  
  18  1:03  Probe (Chrono Boost)  
  19  1:07  Gateway  
  19  1:15  Probe (Chrono Boost)  
  20  1:20  Probe (Chrono Boost)  
  21  1:26  Cybernetics Core  
  21  1:29  Probe  
  22  1:34  Pylon  
  22  1:41  Probe  
  23  1:53  Probe  
  24  2:01  Warp Gate (Chrono Boost)  
  24  2:03  Stalker x2  
  24  2:06  Pylon  
  28  2:08  Probe  
  29  2:21  Probe  
  30  2:33  Stalker x2  
  34  2:38  Pylon  
  34  2:56  Robotics Facility  
  34  2:59  Shield Battery  
  34  3:02  Shield Battery  
  34  3:07  Stalker x2  
  34  3:11  Shield Battery  
  38  3:35  Shield Battery  
  38  3:42  Immortal (Chrono Boost)  
  38  3:46  Stalker  
  44  3:48  Stalker  
  44  3:54  Pylon  
  46  4:10  Gateway  
  46  4:18  Immortal (Chrono Boost)  
  50  4:37  Pylon  
  50  4:43  Sentry x2  
  54  4:52  Shield Battery  
  54  4:57  Warp Prism (Chrono Boost)  
  56  5:12  Probe  
  57  5:24  Nexus  
  57  5:26  Shield Battery  
  57  5:32  Observer (Chrono Boost)  
  58  5:37  Twilight Council  
  54  5:53  Adept x3  
Show
View Real Time Build Order
Export as new Build Order

PattyMac Protoss 

Build Orders: 1 Gate Expand 

Get SALT Encoding   

  12  0:00  Probe  
  13  0:12  Probe  
  14  0:16  Pylon  
  14  0:24  Probe (Chrono Boost)  
  16  0:36  Gateway, Probe (Chrono Boost)  
  16  0:42  Probe (Chrono Boost)  
  16  0:46  Assimilator  
  17  0:51  Probe  
  18  1:15  Nexus  
  18  1:25  Cybernetics Core  
  18  1:28  Probe  
  19  1:35  Assimilator  
  19  1:40  Probe  
  20  1:49  Pylon  
  20  1:52  Probe  
  20  1:53  Warp Gate (Chrono Boost)  
  21  2:04  Probe  
  22  2:16  Probe  
  23  2:25  Gateway  
  23  2:27  Gateway  
  23  2:28  Gateway, Probe  
  24  2:32  Probe  
  25  2:37  Shield Battery  
  25  2:40  Probe  
  26  2:45  Probe  
  26  2:50  Pylon  
  27  2:53  Probe  
  28  3:00  Shield Battery  
  28  3:05  Shield Battery  
  28  3:15  Shield Battery  
  28  3:20  Stalker x2  
  28  3:21  Stalker  
  28  3:24  Sentry  
  28  3:26  Shield Battery  
  34  3:34  Shield Battery  
  34  3:43  Stalker  
  34  3:44  Stalker  
  34  3:45  Stalker  
  40  3:51  Pylon  
  40  3:59  Robotics Facility  
  40  4:04  Stalker  
  42  4:11  Shield Battery  
  42  4:19  Stalker  
  42  4:22  Stalker  
  44  4:36  Shield Battery  
  44  4:39  Gateway, Shield Battery  
  44  4:51  Immortal (Chrono Boost)  
  43  5:08  Pylon, Sentry  
  43  5:13  Pylon  
  46  5:14  Probe  
  46  5:24  Pylon  
  46  5:30  Shield Battery  
  40  5:50  Stalker  
  34  6:02  Stalker  
Tags
 
Add a new tag
Caveats
  • Supply blocks, unpowered buildings, or Contaminate may cause inaccurate times.
  • Supply counts are checked every 10 seconds.